 Dungeon Crawl Stone Soup version 0.26-a0-61-g6c07f0ee8d (webtiles) character file.

Game seed: 4866104470300813052

9 Error4North the Digger (level 1, 0/14 HPs)
             Began as a Demigod Earth Elementalist on June 9, 2020.
             Succumbed to a kobold's poison
             ... on level 1 of the Dungeon.
             The game lasted 00:03:11 (1101 turns).

Error4North the Digger (Demigod Earth Elementalist) Turns: 1101, Time: 00:03:11

Health: 0/14       AC:  2    Str: 11    XL:     1   Next: 93%
Magic:  4/5        EV: 13    Int: 19    God:
Gold:   8          SH:  0    Dex: 16    Spells: 2/3 levels left

rFire    . . .     SeeInvis .   (no weapon)
rCold    . . .     Gourm    .   (no shield)
rNeg     . . .     Faith    .   c - +0 robe
rPois    .         Spirit   .   (no helmet)
rElec    .         Reflect  .   (no cloak)
rCorr    .         Harm     .   (no gloves)
MR       .....     Clarity  +   (no boots)
Stlth    ++........             (no amulet)
HPRegen  0.04/turn              (no ring)
MPRegen  0.09/turn              (no ring)

@: lethally poisoned (0 -> -16)
A: clarity, high mp 1, mutation resistance 1
a: no special abilities


You were on level 1 of the Dungeon.
You were hungry.

You visited 1 branch of the dungeon, and saw 1 of its levels.

You collected 8 gold pieces.

Inventory:

Missiles
 b - 27 stones (quivered)
Armour
 c - a +0 robe (worn)
Scrolls
 e - a scroll of remove curse {unknown}
Comestibles
 d - a ration


   Skills:
 * Level 0.2 Fighting
 * Level 2.0 Dodging
 * Level 1.8 Stealth
 * Level 0.1 Unarmed Combat
 * Level 1.8 Spellcasting
   Level 0.8 Transmutations
 * Level 3.0 Earth Magic


You had 2 spell levels left.
You knew the following spells:

 Your Spells              Type           Power        Failure   Level  Hunger
a - Sandblast             Erth           ##....       4%          1    #......

Your spell library contained the following spells:

 Spells                   Type           Power        Failure   Level  Hunger
 Passwall                 Tmut/Erth      #.......     12%         2    ###....
 Stone Arrow              Conj/Erth      #.....       28%         3    ###....
 Petrify                  Tmut/Erth      #.......     61%         4    #####..
 Lee's Rapid Deconstruct  Erth           ##........   80%         5    ######.


Dungeon Overview and Level Annotations

Branches:
Dungeon (1/15)


Innate Abilities, Weirdness & Mutations

You have an increased reservoir of magic. (+10% MP)
You possess an exceptional clarity of mind.
You are somewhat resistant to further mutation.


Message History

You feel sick. The kobold closely misses you.
You aren't carrying any items that you can evoke.
You can't go up here!
Casting: Sandblast (safe; 4% risk of failure)
Confirm with . or Enter, or press ? or * to list all spells.
Aiming: Sandblast (safe; 4% risk of failure)
Press: ? - help, Shift-Dir - straight line, f - kobold
Aim: a kobold, wielding a +0 dagger of venom (severely wounded)
The blast of sand hits the kobold!
You kill the kobold!
b - 27 stones
* * * LOW HITPOINT WARNING * * *
You feel sick.
It was a potion of mutation.
You feel extremely strange.
Your thoughts seem clearer.
You feel genetically stable.
* * * LOW HITPOINT WARNING * * *
You feel sick.
* * * LOW HITPOINT WARNING * * *
You feel sick.
You die...

#.# . #.# . #.## #. #...
#. ###.##
#.#############.....
.####...............##)#
.........#########.#.###
.......@..)..##....##...
.........###.##.#...#[..
.######### #.#..##... #
#....#.###
#.##.#...##รท#
#............
####.#.#.#.## #.#.#.#.#
#.#.#.#.#


There were no monsters in sight!

Vanquished Creatures
  A dart slug (D:1)
  2 giant cockroaches (D:1)
  A goblin (D:1)
  A hobgoblin (D:1)
  A bat (D:1)
  A kobold (D:1)
7 creatures vanquished.

Notes
Turn   | Place    | Note
-------+----------+-------------------------------------------
     0 | D:1      | Error4North the Demigod Earth Elementalist began the quest
                  | for the Orb.
     0 | D:1      | Reached XP level 1. HP: 14/14 MP: 5/5
   963 | D:1      | Reached skill level 3 in Earth Magic
  1099 | D:1      | Gained mutation: You possess an exceptional clarity of
                  | mind. [potion of mutation]
  1099 | D:1      | Gained mutation: You are somewhat resistant to further
                  | mutation. [potion of mutation]
  1101 | D:1      | Succumbed to a kobold's poison

Illustrated notes

Levels and vault maps discovered:
D:1:      elethiomel_arrival_infinity_welcomes_careful_drivers, layout_basic,
          minmay_heptomino_d4

Skill      XL: |  1 |
---------------+----+-----
Dodging        | 2 |  2.0
Earth Magic    | 3 |  3.0
Fighting       | |  0.2
Stealth        | |  1.8
Unarmed Combat | |  0.1
Spellcasting   | |  1.8
Transmutations | |  0.8

Action                   || total
-------------------------++-------
Melee: Unarmed           ||    74
 Cast: Sandblast         ||     3
  Use: Potion            ||     1
 Stab: Sleeping          ||     4
Armor: Robe              ||    23
Dodge: Dodged            ||    58

Table legend:
 A = Non-vault XP
 B = Vault XP
 C = Vault XP percentage of total XP
 D = Non-vault monster count
 E = Vault monster count
 F = Vault count percentage of total count
                 A         B        C        D         E       F
            +---------+---------+-------+---------+---------+-------
      Total |       8 |       6 |  42.9 |       4 |       3 |  42.9
            +---------+---------+-------+---------+---------+-------
        D:1 |       8 |       6 |  42.9 |       4 |       3 |  42.9
            +---------+---------+-------+---------+---------+-------
